 Dungeon Crawl Stone Soup version 0.21-a0-67-g3f13d09 (webtiles) character file.

7325 xgamer67 the Spear-Bearer (level 11, -1/80 HPs)
             Began as a Human Gladiator on June 17, 2017.
             Was a Priest of Yredelemnul.
             Slain by Snorg (7 damage)
             ... on level 10 of the Dungeon.
             The game lasted 00:28:40 (11866 turns).

xgamer67 the Spear-Bearer (Human Gladiator)        Turns: 11866, Time: 00:28:41

Health: -1/80      AC: 16    Str: 18    XL:     11   Next: 35%
Magic:  15/15      EV: 10    Int:  8    God:    Yredelemnul [***...]
Gold:   432        SH:  4    Dex: 15    Spells: 9/10 levels left

rFire    + . .     SeeInvis .   a - +1 trident (venom)
rCold    + . .     Gourm    .   (no shield)
rNeg     . . .     Faith    .   g - +0 chain mail
rPois    +         Spirit   .   c - +2 helmet
rElec    +         Reflect  +   (no cloak)
rCorr    +         Harm     .   (no gloves)
MR       +....                  r - +2 pair of boots
Stlth    ..........             t - +4 amulet of reflection
HPRegen  0.23/turn              o - ring of protection from magic
MPRegen  0.14/turn              (no ring)

@: resistant, very slightly contaminated, starving
A: no striking features
a: Recall Undead Slaves, Injury Mirror, Animate Dead, Renounce Religion


You were on level 10 of the Dungeon.
You worshipped Yredelemnul.
Yredelemnul was most pleased with you.
You were starving.

You visited 1 branch of the dungeon, and saw 11 of its levels.

You collected 432 gold pieces.

Inventory:

Hand Weapons
 a - a +1 trident of venom (weapon)
 E - the +10 dagger of the Shore {pierce, Int+3, unknown}
   (You found it on level 4 of the Dungeon)

   It inflicts extra damage upon your enemies.
   It affects your intelligence (+3).
 V - the +7 quarterstaff of Prescription {crush, rElec rF+, unknown}
   (You found it on level 9 of the Dungeon)

   It inflicts extra damage upon your enemies.
   It protects you from fire.
   It insulates you from electricity.
Missiles
 d - 4 throwing nets (quivered)
 x - 7 tomahawks
Armour
 b - a +0 leather armour
 c - a +2 helmet (worn)
 g - a +0 chain mail (worn)
 r - a +2 pair of boots (worn)
 u - a +1 cloak
 w - a +0 scale mail
 H - a +0 plate armour
 J - a cursed +0 chain mail
 L - a +0 ring mail
 W - a +2 leather armour of poison resistance
Jewellery
 k - an uncursed ring of fire
 o - a ring of protection from magic (left hand)
 t - a +4 amulet of reflection (around neck)
 B - a +3 ring of intelligence {unknown}
 K - an uncursed ring of flight {unknown}
 T - an uncursed ring of wizardry {unknown}
 X - an uncursed ring of resist corrosion {unknown}
Wands
 l - a wand of lightning (6/15)
 s - a wand of polymorph (0/24)
 R - a wand of acid (6/15)
 Z - a wand of paralysis (17/24)
Scrolls
 i - 2 scrolls of enchant armour
 j - a scroll of recharging
 m - a scroll of blinking
 y - a scroll of enchant weapon
 A - a scroll of fog
 P - a scroll of magic mapping
 S - a scroll of teleportation
 Y - a scroll of amnesia
Potions
 e - a potion of cancellation
 h - a potion of agility
 q - 2 potions of magic
 z - 2 potions of flight
 C - 2 potions of lignification
 D - a potion of might
 F - a potion of haste
 G - a potion of brilliance
 M - a potion of mutation
 O - a potion of berserk rage
Books
 v - a book of Necromancy

   Spells                             Type                      Level
   a - Pain                           Necromancy                   1
   b - Animate Skeleton               Necromancy                   1
   c - Vampiric Draining              Necromancy                   3
   d - Regeneration                   Charms/Necromancy            3
   e - Animate Dead                   Necromancy                   4
   f - Control Undead                 Necromancy                   4
Comestibles
 f - 7 bread rations
 p - 3 fruits
 I - 4 royal jellies
 N - 3 meat rations


   Skills:
 - Level 5.2 Fighting
 + Level 13.3 Polearms
 - Level 2.0 Throwing
 - Level 5.1 Armour
 - Level 5.1 Dodging
 - Level 6.3 Invocations


You had 9 spell levels left.
You knew the following spells:

 Your Spells              Type           Power        Failure   Level  Hunger
a - Apportation           Tloc           #.....       99%         1    ##.....


Dungeon Overview and Level Annotations

Branches:
Dungeon (11/15)            Temple (0/1) D:4             Orc (0/2) D:11
   Lair: D:8-11

Altars:
Ashenzari
Cheibriados
Elyvilon
Gozag
Hepliaklqana
Nemelex Xobeh
Vehumet
Xom
Yredelemnul
Zin

Shops:
D:6 %[

Annotations:
D:5 exclusion: statue
D:10 Snorg, Sonja
D:11 Maurice


Message History

Your surroundings suddenly seem different.
Evoke which item? (* to show all) (? for menu, Esc to quit)
Aiming: Paralyse (will waste charges)
Press: ? - help, Shift-Dir - straight line, f - Snorg
Aim: Snorg (chance to defeat MR: 15%)
Okay, then.
A hungry ghost comes into view.
Snorg bites you.
* * * LOW HITPOINT WARNING * * *
Snorg closely misses you. Snorg claws you but does no damage.
Snorg goes berserk!
The hungry ghost hits you.
* * * LOW HITPOINT WARNING * * *
You feel somewhat more hungry.
There is a stone staircase leading down here.
Snorg bites you but does no damage. Snorg closely misses you. Snorg claws you.
* * * LOW HITPOINT WARNING * * *
Snorg bites you!
You die...
Your body rises from the dead as a mindless zombie.

#. #.........................# .#
#.........................# .#
###.....(.........# ##......
..##....(...##.#..#..# ##.T.....
#...<...###..##.##.# #........
#.......##.# #.#......###..>.....
#...#..###.###.#.................
###.... .#.....W....###........
#!..# ##....@T.##.###........
#... ##.#.....#............ ...#
#.#.###....##........ #..# #...
###...#.....!.# #.##
##..........# ## ##.##.....##
###.......# #.......# #.......#


You could see Snorg (berserk) and a hungry ghost.

Vanquished Creatures
  The ghost of xgamer67 the Poker, a novice HuGl of Okawaru (D:7)
  An ugly thing (D:10)
  A centaur skeleton (D:7)
  3 hippogriffs
  A wyvern (D:9)
  Eustachio (D:6)
  3 yaks
  A human (D:7)
  2 hogs (D:7)
  A water moccasin (D:8)
  2 ice beasts
  A sky beast (D:8)
  4 orc warriors
  A boggart (D:3)
  2 necrophages
  A phantom (D:4)
  2 wolves (D:9)
  4 ogres
  A centaur (D:6)
  2 scorpions
  2 howler monkeys (D:8)
  4 wights (D:8)
  A bullfrog zombie (D:5)
  3 crimson imps
  3 quasits
  4 orc priests
  3 bullfrog skeletons
  5 hounds
  2 jellies
  4 iguanas
  7 orc wizards
  7 worker ants
  2 hound zombies
  A hound skeleton (D:4)
  4 gnolls (D:6)
  A howler monkey skeleton (D:5)
  12 adders
  2 shadow imps (D:6)
  An ooze (D:3)
  An adder skeleton (D:8)
  An adder zombie (D:5)
  4 worms
  6 leopard geckos
  25 orcs
  2 ball pythons
  7 giant cockroaches
  5 goblins
  7 hobgoblins
  11 jackals
  7 kobolds
  5 quokkas
  11 bats
  7 frilled lizards
  A giant cockroach zombie (D:5)
  A leopard gecko skeleton (D:3)
  A quokka skeleton (D:8)
  7 rats
212 creatures vanquished.

Vanquished Creatures (collateral kills)
  2 trolls (D:9)
  3 yaks (D:9)
  Grum (D:9)
  A hungry ghost (D:9)
  A water moccasin (D:8)
  A bullfrog (D:6)
  A quasit (D:9)
  2 orc wizards
  An iguana (D:9)
  A worker ant (D:8)
  An adder (D:8)
  4 orcs
  A jackal (D:9)
  A quokka skeleton (D:8)
21 creatures vanquished.

Vanquished Creatures (others)
  A hog zombie (D:7)
  A hippogriff zombie (D:8)
  A yak skeleton (D:9)
  2 yak zombies
  2 wolf zombies (D:9)
  A human zombie (D:7)
  A sky beast zombie (D:8)
  2 ogre zombies
  A necrophage skeleton (D:7)
  A hound zombie (D:8)
  A worker ant zombie (D:9)
  2 adder zombies
  A gnoll skeleton (D:6)
  A hobgoblin zombie (D:6)
  2 jackal zombies (D:9)
  6 orc zombies
26 creatures vanquished.

Grand Total: 259 creatures vanquished

Notes
Turn   | Place    | Note
-------+----------+-------------------------------------------
     0 | D:1      | xgamer67 the Human Gladiator began the quest for the Orb.
     0 | D:1      | Reached XP level 1. HP: 16/16 MP: 1/1
   293 | D:1      | Reached XP level 2. HP: 22/23 MP: 2/2
   735 | D:1      | Reached XP level 3. HP: 23/29 MP: 3/3
   987 | D:2      | Found a faded altar of an unknown god.
  1448 | D:2      | Reached XP level 4. HP: 36/37 MP: 4/4
  1741 | D:2      | Found an opulent altar of Gozag.
  1897 | D:3      | Found a basalt altar of Yredelemnul.
  1905 | D:3      | Became a worshipper of Yredelemnul the Dark
  2013 | D:3      | Noticed Sigmund
  2566 | D:3      | Reached XP level 5. HP: 43/43 MP: 5/5
  2604 | D:4      | Reached skill level 5 in Fighting
  2753 | D:4      | Noticed a phantom
  2773 | D:4      | Killed a phantom
  2773 | D:4      | Reached XP level 6. HP: 47/51 MP: 6/6
  3014 | D:4      | Found a staircase to the Ecumenical Temple.
  3175 | D:4      | Noticed an ogre
  3187 | D:4      | Killed an ogre
  3187 | D:4      | Reached * piety under Yredelemnul
  3298 | D:4      | Got a scorched dagger
  3401 | D:4      | Noticed Grinder
  3439 | D:3      | Noticed Sigmund
  3439 | D:3      | Sigmund changed into Sigmund the boggart
  3475 | D:3      | Killed Sigmund the boggart
  3475 | D:3      | Reached skill level 1 in Invocations
  3475 | D:3      | Reached XP level 7. HP: 47/56 MP: 7/7
  3567 | D:3      | Found a snail-covered altar of Cheibriados.
  4236 | D:4      | Noticed Grinder
  4236 | D:4      | Grinder changed into Grinder the quasit
  4249 | D:4      | Killed Grinder the quasit
  4497 | D:5      | Entered Level 5 of the Dungeon
  4528 | D:5      | Found a white marble altar of Elyvilon.
  4684 | D:5      | Found a radiant altar of Vehumet.
  5093 | D:6      | Noticed Eustachio
  5126 | D:6      | Reached XP level 8. HP: 45/62 MP: 8/10
  5275 | D:6      | Killed Eustachio
  5275 | D:6      | Reached ** piety under Yredelemnul
  5275 | D:6      | Reached skill level 5 in Armour
  5275 | D:6      | Reached skill level 5 in Dodging
  5634 | D:6      | Reached skill level 4 in Polearms
  5675 | D:6      | Found Ynuffug's Food Emporium.
  5934 | D:6      | Reached skill level 5 in Invocations
  6218 | D:6      | Reached XP level 9. HP: 68/68 MP: 12/12
  6401 | D:6      | Found a shimmering altar of Xom.
  6435 | D:6      | Found Opnuic's Antique Armour Boutique.
  6675 | D:7      | Reached skill level 5 in Polearms
  6685 | D:7      | Noticed xgamer67's ghost (novice HuGl)
  6733 | D:6      | Learned a level 1 spell: Apportation
  7098 | D:7      | Noticed a hippogriff
  7107 | D:7      | Killed a hippogriff
  7218 | D:7      | Reached skill level 6 in Polearms
  7300 | D:7      | Reached skill level 7 in Polearms
  7312 | D:7      | Reached skill level 8 in Polearms
  7642 | D:8      | Reached *** piety under Yredelemnul
  7753 | D:8      | Reached XP level 10. HP: 70/74 MP: 14/14
  7756 | D:8      | Found a sparkling altar of Nemelex Xobeh.
  7777 | D:8      | Reached skill level 9 in Polearms
  8156 | D:8      | Reached skill level 10 in Polearms
  8860 | D:9      | Got a polished quarterstaff
  9116 | D:9      | Noticed Grum
  9124 | D:9      | Reached skill level 11 in Polearms
  9133 | D:9      | Killed Grum
  9367 | D:9      | Reached **** piety under Yredelemnul
  9807 | D:9      | Found a glowing silver altar of Zin.
  9808 | D:9      | Found a hazy altar of Hepliaklqana.
  9820 | D:10     | Entered Level 10 of the Dungeon
  9820 | D:10     | Noticed Sonja
  9850 | D:9      | Reached skill level 12 in Polearms
  9850 | D:9      | Reached XP level 11. HP: 22/80 MP: 15/15
 10118 | D:10     | Noticed Snorg
 10979 | D:7      | Killed xgamer67's ghost
 11504 | D:7      | Reached skill level 13 in Polearms
 11533 | D:7      | Found a shattered altar of Ashenzari.
 11812 | D:11     | Found a staircase to the Orcish Mines.
 11812 | D:11     | Noticed Maurice
 11813 | D:11     | Noticed a red ugly thing
 11844 | D:10     | Killed a red ugly thing
 11845 | D:10     | HP: 4/80 [Sonja/uncursed dagger of distortion (19)]
 11866 | D:10     | Slain by Snorg

Vault maps used:
D:1:      erik_arrival_blinker_ship, minmay_pentomino_q4
D:2:      marbit_many_paths, chequers_ecumenical_altar_simple, st_stairs_10
D:3:      overflow_temple_1_default, lemuel_doored_altar, first_bread,
          hangedman_decor_points, uniq_sigmund
D:4:      minmay_temple_entry_glassed_door, uniq_grinder
D:5:      vehumet_statue, kennysheep_mini
D:6:      nicolae_overflow_hidden_temple, enter_ossuary_3, serial_shops,
          nicolae_shop_temple_entry_statues_fountains, shop_statue,
          uniq_eustachio
D:7:      nicolae_overflow_crystal_walls, grunt_livestock
D:8:      nemelex_xobeh_ov_fountains_minmay
D:9:      gammafunk_temple_overflow_statue, uniq_grum
D:10:     uniq_snorg, uniq_gastronok, uniq_sonja
D:11:     kennysheep_ambush_hall, minmay_lair_entry_grove, orc_0_dummy,
          uniq_maurice

Skill      XL: |  1  2  3  4  5  6  7  8  9 10 11 |
---------------+----------------------------------+-----
Fighting       | 3 4 5 |  5.2
Armour         | 2 3 4 5 |  5.1
Dodging        | 4 5 |  5.1
Invocations    | 1 2 5 6 |  6.3
Polearms       | 4 8 12 13 | 13.3
Throwing       | |  2.0

Action                   |  1- 3 |  4- 6 |  7- 9 | 10-12 || total
-------------------------+-------+-------+-------+-------++-------
Melee: Trident           |   127 |   187 |   395 |   419 ||  1128
Throw: Throwing net      |       |     2 |       |       ||     2
Invok: Animate Remains   |       |       |    20 |       ||    20
       Animate Dead      |       |       |     1 |    12 ||    13
       Injury Mirror     |       |       |       |     2 ||     2
Evoke: Wand              |       |     5 |     1 |     7 ||    13
  Use: Scroll            |     7 |     6 |    11 |     3 ||    27
       Potion            |       |       |       |     2 ||     2
 Stab: Distracted        |       |     1 |     1 |     2 ||     4
       Held in net/web   |       |     1 |       |       ||     1
       Paralysed         |       |       |       |     7 ||     7
  Eat: Chunk             |     2 |     6 |    13 |    17 ||    38
       Fruit             |       |       |     8 |     4 ||    12
Armor: Chain mail        |    68 |    92 |   190 |   122 ||   472
       Leather armour    |     4 |       |       |       ||     4
Dodge: Dodged            |    53 |    76 |   142 |    96 ||   367
Block: Other             |    10 |    25 |    66 |    36 ||   137
       Reflection        |       |       |     4 |       ||     4
